 Dungeon Crawl Stone Soup version 0.29-a0-789-g7a8fcbc185 (webtiles) character file.

Game seed: 16260276080338855455

37 gobodom the Grave Robber (level 3, -7/19 HPs)
             Began as a Vampire Necromancer on July 2, 2022.
             Mangled by a gnoll
             ... wielding a +0 club
              (8 damage)
             ... on level 1 of the Dungeon.
             The game lasted 00:03:49 (1419 turns).

gobodom the Grave Robber (Vampire Necromancer)      Turns: 1419, Time: 00:03:50

Health: -7/19      AC:  2    Str:  9    XL:     3   Next: 21%
Magic:  0/7        EV: 12    Int: 17    God:
Gold:   77         SH:  0    Dex: 14    Spells: 6/7 levels left

rFire   . . .      SeeInvis +   (no weapon)
rCold   + + .      Faith    .   (no shield)
rNeg    + + +      Spirit   .   a - +0 robe
rPois   ∞          Reflect  .   (no helmet)
rElec   .          Harm     .   (no cloak)
rCorr   .          Rampage  .   (no gloves)
Will    .....                   (no boots)
Stlth   ++++......              (no amulet)
HPRegen 0.00/turn               (no ring)
MPRegen 0.10/turn               (no ring)

@: bloodless, inhibited regen
A: bloodless, fangs 3, see invisible, vampiric 2
a: Bat Form, Revivify


You were on level 1 of the Dungeon.
You visited 1 branch of the dungeon, and saw 2 of its levels.

You collected 77 gold pieces.

Inventory:

Armour
 a - a +0 robe (worn)
Magical Staves
 m - a staff of cold
Scrolls
 e - a scroll of magic mapping {unknown}
 g - a scroll of brand weapon {unknown}
 i - a scroll of identify {unknown}
Potions
 b - a potion of magic
 c - 2 potions of haste {unknown}
 d - a potion of berserk rage {unknown}
 f - 2 potions of cancellation {unknown}
 h - a potion of might {unknown}
 j - a potion of heal wounds {unknown}
 k - a potion of ambrosia {unknown}
 l - a potion of curing {unknown}


   Skills:
 + Level 2.3 Dodging
 + Level 3.2 Stealth
 + Level 2.6 Spellcasting
 + Level 5.0 Necromancy


You had 6 spell levels left.
You knew the following spells:

 Your Spells              Type           Power      Damage    Failure   Level
a - Necrotize             Necr           76%        1d7       2%          1

Your spell library contained the following spells:

 Spells                   Type           Power      Damage    Failure   Level
 Vampiric Draining        Necr           19%        2d7       7%          3
 Animate Dead             Necr           19%        N/A       22%         4
 Ensorcelled Hibernation  Hex/Ice        4%         N/A       28%         2
 Spider Form              Tmut/Pois      2%         N/A       50%         3
 Anguish                  Hex/Necr       5%         N/A       54%         4
 Agony                    Necr           19%        N/A       54%         5


Dungeon Overview and Level Annotations

Branches:
Dungeon (2/15)

Altars:


Innate Abilities, Weirdness & Mutations

You do not regenerate when monsters are visible.
You are frail without blood (-20% HP).
You can heal yourself when you bite living creatures.
You are immune to poison.
You have razor-sharp teeth.
You have supernaturally acute eyesight. (SInv)
You are afflicted with vampirism and can become a bat while bloodless.


Message History

The gnoll writhes in agony.
A gnoll comes into view. It is wielding a +0 flail.
The gnoll barely resists.
The gnoll shouts!
The gnoll writhes in agony.
The gnoll barely misses you.
The gnoll writhes in agony.
You kill the gnoll!
The dead are walking!
You have reached level 3!
Your experience leads to an increase in your attributes!
Increase (S)trength, (I)ntelligence, or (D)exterity?
You feel stronger. x2
You can now turn into a vampire bat when bloodless.
The gnoll attacks as you move away! The gnoll hits you with a +0 club.
There is a stone staircase leading up here.
You climb upwards.
There is a stone staircase leading down here.
The gnoll writhes in agony.
The gnoll hits you but does no damage.
You are out of magic!
Really attack while wielding nothing?
You hit the gnoll but do no damage. You bite the gnoll, but do no damage.
The gnoll is heavily wounded.
The gnoll hits you with a +0 club!
You hit the gnoll but do no damage. Your bite misses the gnoll.
The gnoll is heavily wounded.
The gnoll closely misses you.
You hit the gnoll but do no damage. Your bite misses the gnoll.
The gnoll is heavily wounded.
The gnoll barely misses you.
You hit the gnoll but do no damage. Your bite misses the gnoll.
The gnoll is heavily wounded.
The gnoll hits you with a +0 club.
* * * LOW HITPOINT WARNING * * *
Casting: Necrotize (safe; 2% risk of failure)
Confirm with . or Enter, or press ? or * to list all spells.
Aiming: Necrotize (safe; 2% risk of failure)
Press: ? - help, Shift-Dir - straight line, f/p - gnoll
Aim: a gnoll, wielding a +0 club (heavily wounded, chance to affect: 84%)
The gnoll writhes in agony.
The gnoll hits you with a +0 club!
You die...

#.###.#........................
#.......#####8###8##...##8###8#
#######.####..########...########
#)......# #.##..# #8...8# #.##
#.......# ##'###'## ##...## #..#
#......## #...#...# #.(.# ##.#
#......# #...#.>.# ##...######.#
#[.....# #...#...###8...8##....#
#....>.####.<.#.@.#.##...###....#
####.#...##...#..g#......# #.....
#.#.#.##...#.>.#......# #...#.
#......#[..#...###....# #...#.
###.##.##'###'## ###### #....#
######.##........# ##....#
.......########### #......
.####### #.....# ...#######
#.....#


You could see a gnoll.

Vanquished Creatures
  A gnoll (D:2)
  4 ball pythons (D:1)
  3 endoplasms
  2 giant cockroaches
  2 hobgoblins (D:1)
  A kobold (D:1)
  A quokka (D:1)
  2 bats (D:1)
  A frilled lizard (D:2)
  4 goblins
  A rat (D:1)
22 creatures vanquished.

Vanquished Creatures (collateral kills)
  A kobold (D:1)
1 creature vanquished.

Grand Total: 23 creatures vanquished

Notes
Turn   | Place    | Note
-------+----------+-------------------------------------------
     0 | D:1      | gobodom the Vampire Necromancer began the quest for the
                  | Orb.
     0 | D:1      | Reached XP level 1. HP: 13/13 MP: 3/3
   310 | D:1      | Reached XP level 2. HP: 15/15 MP: 1/5
   754 | D:1      | Reached skill level 5 in Necromancy
  1404 | D:2      | Gained mutation: You are afflicted with vampirism and can
                  | become a bat while bloodless. [Vampire growth]
  1404 | D:2      | Reached XP level 3. HP: 19/19 MP: 0/7
  1419 | D:1      | Mangled by a gnoll

Illustrated notes

Levels and vault maps discovered:
D:1:      minmay_arrival_up_and_down, layout_basic, serial_corexii_hall,
          corexii_hall_statues_s, corexii_hall_statues_t, serial_bayou_pond_c,
          grunt_decor_cap
D:2:      layout_loops_corners

Skill      XL: |  1  2 |
---------------+-------+-----
Necromancy     | 5 |  5.0
Dodging        | |  2.3
Stealth        | |  3.2
Spellcasting   | |  2.6

Action                   || total
-------------------------++-------
Melee: Unarmed           ||     7
       Bite              ||     2
 Cast: Necrotize         ||    40
 Abil: Exsanguinate      ||     1
Armor: Robe              ||     3
Dodge: Dodged            ||     5

Table legend: (Time is in decaauts)
 A = Elapsed time spent in this place.
 B = Non-inter-level travel time spent in this place.
 C = Inter-level travel time spent in this place.
 D = Time resting spent in this place.
 E = Time spent auto-exploring this place.
 F = Levels seen in this place.
 G = Mean time per level.
                   A        B        C        D        E       F      G
               +--------+--------+--------+--------+--------+-----+--------+
         Total |   1428 |   1233 |    195 |      0 |   1058 |   2 |  714.0 |
       Dungeon |   1428 |   1233 |    195 |      0 |   1058 |   2 |  714.0 |
               +--------+--------+--------+--------+--------+-----+--------+

Top non-repeatable levels by time:
     D:1: 1204 daAuts
     D:2: 223 daAuts
